 Dungeon Crawl Stone Soup version 0.19.4-10-g532645f (webtiles) character file.

96 dirkavjope the Sneak (level 4, 0/33 HPs)
             Began as a Vampire Assassin on Feb 24, 2017.
             Slain by a gnoll
             ... wielding a +0 flail
              (7 damage)
             ... on level 4 of the Dungeon.
             The game lasted 00:10:57 (2501 turns).

dirkavjope the Sneak (Vampire Assassin)             Turns: 2501, Time: 00:10:58

Health: 0/33       AC:  6    Str: 11    XL:     4   Next: 41%
Magic:  4/4        EV: 10    Int: 13    God:
Gold:   76         SH:  0    Dex: 15    Spells: 0 memorised, 3 levels left

rFire  . . .     SeeInvis +     j - -2 halberd (curse)
rCold  + . .     Gourm    .     i - +0 ring mail
rNeg   + + .     Faith    .     (shield currently unavailable)
rPois  +         Spirit   .     (no helmet)
rElec  .         Reflect  .     d - +0 cloak
rCorr  .         Harm     .     (no gloves)
MR     .....                    (no boots)
Stlth  ++++......               (no amulet)
                                (no ring)
                                (no ring)

@: regenerating slowly
A: fangs 3, see invisible, unbreathing
a: Bat Form


You were on level 4 of the Dungeon.
You were thirsty.

You visited 1 branch of the dungeon, and saw 4 of its levels.

You collected 76 gold pieces.

Inventory:

Hand Weapons
 a - a +2 dagger
 b - a +0 blowgun
 h - a +0 dagger
 j - a cursed -2 halberd (weapon)
Missiles
 e - 38 poisoned needles
 f - 2 curare-tipped needles
Armour
 c - a +0 robe
 d - a +0 cloak (worn)
 i - a +0 ring mail (worn)
Scrolls
 g - 2 scrolls of identify {unknown}
 k - a scroll of blinking {unknown}
 l - a scroll of immolation {unknown}


   Skills:
 + Level 2.0 Fighting
 + Level 2.8 Short Blades
 + Level 1.3 Polearms
 + Level 1.7 Throwing
 + Level 0.4 Armour
 + Level 1.5 Dodging
 + Level 7.3 Stealth


You had 3 spell levels left.
You didn't know any spells.

Dungeon Overview and Level Annotations

Branches:
Dungeon (4/15)
 Temple: D:4-7

Altars:
Fedhas


Innate Abilities, Weirdness & Mutations

You heal slowly.
You have razor-sharp teeth.
You have supernaturally acute eyesight. (SInv)
You can survive without breathing.


Message History

The gnoll is moderately wounded.
The gnoll barely misses you.
You slash the gnoll!
The gnoll is almost dead.
The gnoll barely misses you.
A gnoll comes into view.
You hit the gnoll shaman but do no damage. 2 jackals and a gnoll come into view.
The gnoll hits you. The gnoll hits you with a flail!
The gnoll shaman closely misses you.
An adder comes into view.
The adder hisses angrily.
You puncture the gnoll!
The gnoll is heavily wounded.
The gnoll barely misses you. x2; The gnoll hits you with a flail.
The gnoll shaman hits you with a club.
* * * LOW HITPOINT WARNING * * *
The gnoll closely misses you. The gnoll hits you with a flail!
You die...

### #.#####.# .#
#.....#.# .#
#.###.#.. .# #.#
#)#!# .# #.#
#.#.# .# #.#
#<#.# S#
#.#####.#######.#
#...........(@gg#
#######......gg.#
#########.# h# .#
.# h# .#


You could see a gnoll shaman, 3 gnolls and a jackal.

Vanquished Creatures
  2 orc wizards (D:4)
  A gnoll (D:1)
  An ooze (D:1)
  A leopard gecko (D:3)
  2 orcs
  2 giant cockroaches
  A goblin (D:2)
  6 hobgoblins
  4 kobolds
  A quokka (D:3)
  2 bats
  3 frilled lizards
  3 rats
  A plant (D:3)
30 creatures vanquished.

Notes
Turn   | Place    | Note
-------+----------+-------------------------------------------
     0 | D:1      | dirkavjope the Vampire Assassin began the quest for the Orb.
     0 | D:1      | Reached XP level 1. HP: 16/16 MP: 1/1
    55 | D:1      | Reached skill level 6 in Stealth
   167 | D:1      | Reached XP level 2. HP: 15/22 MP: 2/2
  1448 | D:2      | Reached XP level 3. HP: 15/27 MP: 3/3
  1785 | D:3      | Found a blossoming altar of Fedhas.
  1870 | D:4      | Reached skill level 1 in Polearms
  1870 | D:4      | Reached skill level 7 in Stealth
  1870 | D:4      | Reached XP level 4. HP: 21/33 MP: 4/4
  1889 | D:4      | HP: 1/33 [orc wizard/dagger (2)]
  2501 | D:4      | Slain by a gnoll

Skill      XL: |  1  2  3 |
---------------+----------+-----
Stealth        | 6 7 |  7.3
Fighting       | 2 |  2.0
Polearms       | 1 |  1.3
Short Blades   | |  2.8
Throwing       | |  1.7
Armour         | |  0.4
Dodging        | |  1.5

Action                   |  1- 3 |  4- 6 || total
-------------------------+-------+-------++-------
Melee: Dagger            |    31 |       ||    31
       Halberd           |    92 |    21 ||   113
       Bite              |     8 |     1 ||     9
  Use: Potion            |     1 |     3 ||     4
 Stab: Sleeping          |     5 |       ||     5
  Eat: Corpse            |     3 |       ||     3
Armor: Robe              |     2 |       ||     2
       Ring mail         |    41 |     5 ||    46
Dodge: Dodged            |    77 |    18 ||    95
